 Dungeon Crawl Stone Soup version 0.28.0-1-gb440e238dd (webtiles) character file.

Game seed: 13989446041499201902

2 cbfl8 the Sneak (level 1, -2/19 HPs)
             Began as a Minotaur Delver on Feb 23, 2022.
             Slain by a bullfrog skeleton (5 damage)
             ... on level 5 of the Dungeon.
             The game lasted 00:00:39 (209 turns).

cbfl8 the Sneak (Minotaur Delver)                    Turns: 209, Time: 00:00:41

Health: -2/19      AC:  3    Str: 16    XL:     1   Next: 25%
Magic:  0/0        EV: 11    Int:  7    God:
Gold:   0          SH:  0    Dex: 11    Spells: 0/0 levels left

rFire   . . .      SeeInvis .   a - +0 hand axe
rCold   . . .      Faith    .   (no shield)
rNeg    . . .      Spirit   .   b - +0 leather armour
rPois   .          Reflect  .   (helmet restricted)
rElec   .          Harm     .   (no cloak)
rCorr   .          Rampage  .   (no gloves)
Will    .....                   (no boots)
Stlth   ++........              (no amulet)
HPRegen 0.06/turn               (no ring)
MPRegen 0.07/turn               (no ring)

@: no status effects
A: horns 2, retaliatory headbutt
a: no special abilities


You were on level 5 of the Dungeon.
You visited 1 branch of the dungeon, and saw 2 of its levels.

Inventory:

Hand Weapons
 a - a +0 hand axe (weapon)
Armour
 b - a +0 leather armour (worn)
Wands
 g - a wand of digging (3)
 i - a wand of acid (8)
Scrolls
 c - a scroll of fog
 d - a scroll of magic mapping
 e - a scroll of fear
 h - a scroll of teleportation {unknown}
Potions
 f - 3 potions of haste


   Skills:
 + Level 3.6 Fighting
 + Level 2.4 Axes
 + Level 2.1 Dodging
 + Level 4.2 Stealth


You couldn't memorise any spells.
You didn't know any spells.
Your spell library was empty.

Dungeon Overview and Level Annotations

Branches:
Dungeon (6/15)
 Temple: D:4-7

Altars:


Innate Abilities, Weirdness & Mutations

You have a pair of horns on your head.
You reflexively headbutt those who attack you in melee.


Message History

The orc hits you with a +0 whip.
You closely miss the orc.
The orc is moderately wounded.
The orc hits you with a +0 whip.
You closely miss the orc.
The orc is moderately wounded.
The orc misses you.
You hit the orc.
The orc is severely wounded.
The orc barely misses you.
You hit the orc.
You kill the orc!
Things that are here:
a +0 whip; a +0 leather armour; an orc corpse You start resting.
An orc warrior comes into view. It is wielding a +0 glaive.
An orc warrior is nearby!
There is a stone staircase leading up here.
You climb upwards.
There is a stone staircase leading down here.
A bullfrog skeleton and a gnoll come into view.
The gnoll moves out of view.
Found a stone staircase leading up.
You barely miss the bullfrog skeleton. You headbutt the bullfrog skeleton.
The bullfrog skeleton is lightly damaged.
The bullfrog skeleton hits you but does no damage.
You barely miss the bullfrog skeleton.
The bullfrog skeleton is lightly damaged.
The bullfrog skeleton closely misses you. x2
You furiously retaliate!
You headbutt the bullfrog skeleton. You barely miss the bullfrog skeleton.
You headbutt the bullfrog skeleton!
The bullfrog skeleton is severely damaged.
The bullfrog skeleton hits you. The gnoll barely misses you.
You hit the bullfrog skeleton. You headbutt the bullfrog skeleton.
The bullfrog skeleton is almost destroyed.
The bullfrog skeleton barely misses you.
The gnoll hits you from afar with a +0 halberd!
* * * LOW HITPOINT WARNING * * *
The bullfrog skeleton hits you.
You die...

.g.... ..........
...... ##.........
....... #......... .
#####........
.<...... ..
.............
.....##...
.#....#......
##g....... .##..#
#..###.Z...# .....##
#.....@...#
....#.#####....######
.#......##.....#
###...........##
....#..#....###
....#.###>..#
...##..#...##
...........#
#.........##


You could see a gnoll and a bullfrog skeleton.

Vanquished Creatures
  An orc (D:6)
1 creature vanquished.

Notes
Turn   | Place    | Note
-------+----------+-------------------------------------------
     0 | D:5      | cbfl8 the Minotaur Delver began the quest for the Orb.
     0 | D:5      | Reached XP level 1. HP: 19/19 MP: 0/0
   170 | D:6      | Noticed an orc warrior
   209 | D:5      | Slain by a bullfrog skeleton

Illustrated notes

Levels and vault maps discovered:
D:5:      layout_cave_pools, minmay_temple_entry_overgrown, serial_shops,
          nicolae_shop_waterfront
D:6:      layout_basic

Action                   || total
-------------------------++-------
Melee: Hand axe          ||     9
       Headbutt          ||     4
Armor: Leather armour    ||     1
Dodge: Dodged            ||     6
